 Dungeon Crawl Stone Soup version 0.25.1-2-g60ff931df9 (webtiles) character file.

Game seed: 759706225130722447

69 Erymatos the Skirmisher (level 4, 0/61 HPs)
             Began as a Minotaur Berserker on Nov 12, 2020.
             Was a Believer of Trog.
             Slain by Sigmund
             ... wielding a +0 scythe
              (9 damage)
             ... on level 2 of the Dungeon.
             The game lasted 00:01:04 (1274 turns).

Erymatos the Skirmisher (Minotaur Berserker)        Turns: 1274, Time: 00:01:05

Health: 0/61       AC:  2    Str: 23    XL:     4   Next: 2%
Magic:  3/3        EV: 12    Int:  4    God:    Trog [**....]
Gold:   49         SH:  0    Dex:  9    Spells: 3/3 levels left

rFire    . . .     SeeInvis .   a - +0 hand axe
rCold    . . .     Gourm    .   (no shield)
rNeg     . . .     Faith    .   b - +0 animal skin
rPois    .         Spirit   .   (helmet restricted)
rElec    .         Reflect  .   (no cloak)
rCorr    .         Harm     .   (no gloves)
MR       .....                  (no boots)
Stlth    ..........             (no amulet)
HPRegen  0.20/turn              (no ring)
MPRegen  0.08/turn              (no ring)

@: berserking (expiring), very quick
A: retaliatory headbutt, horns 2
a: Berserk, Trog's Hand, Renounce Religion


You were on level 2 of the Dungeon.
You worshipped Trog.
Trog was pleased with you.
You were hungry.

You visited 1 branch of the dungeon, and saw 2 of its levels.

You collected 49 gold pieces.

Inventory:

Hand Weapons
 a - a +0 hand axe (weapon)
Armour
 b - a +0 animal skin (worn)
Scrolls
 e - 3 scrolls of teleportation {unknown}
 h - a scroll of noise {unknown}
Potions
 f - a potion of degeneration {unknown}
 g - a potion of brilliance {unknown}
 i - a potion of stabbing {unknown}
 j - a potion of haste {unknown}
 k - a potion of magic {unknown}
Comestibles
 c - a ration
 d - 4 chunks of flesh


   Skills:
 + Level 4.8 Fighting
 + Level 4.5 Axes
 + Level 2.6 Armour
 + Level 2.6 Dodging


You had 3 spell levels left.
You didn't know any spells.
Your spell library was empty.

Dungeon Overview and Level Annotations

Branches:
Dungeon (2/15)

Altars:

Annotations:
D:2 Sigmund


Innate Abilities, Weirdness & Mutations

You reflexively headbutt those who attack you in melee.
You have a pair of horns on your head.


Message History

You slash the quokka!
You kill the quokka!
Trog accepts your kill.
Unknown command.
You hear some strange, mumbled words.
Something tries to affect you, but you resist.
Found a stone staircase leading down.
You see here a quokka corpse.
Unknown command.
You slash something! Your headbutt misses something. Something hits you!
Unknown command.
You miss something. You barely miss something. You headbutt something.
Something hits you!
* * * LOW HITPOINT WARNING * * *
You barely miss something. You slash something! Your headbutt misses something.
Something hits you.
* * * LOW HITPOINT WARNING * * *
You miss something. You barely miss something. Your headbutt misses something.
Something hits you!
You die...

##.# #.#..... #.#
########....... #.#
#...........).. #.#
#.######....... ##.#
####....... #..#
#.......... ##.#
#..........
#.####.###..........
#..@{.)..####...###.
#.##...#.# #...###.
#.) ...# #...##..
### ..## #[.[.รท..
... #.####.. #..> ..
#.##. .### ##.#.#.
..#######.###..
.........#.##


There were no monsters in sight!

Vanquished Creatures
  2 adders (D:2)
  An ooze (D:1)
  A worm (D:2)
  3 dart slugs
  2 leopard geckos
  3 giant cockroaches
  5 goblins
  3 hobgoblins
  4 jackals
  A quokka (D:2)
  A ball python (D:2)
  3 bats
  4 frilled lizards
  2 kobolds (D:1)
  3 rats (D:1)
38 creatures vanquished.

Notes
Turn   | Place    | Note
-------+----------+-------------------------------------------
     0 | D:1      | Erymatos the Minotaur Berserker began the quest for the
                  | Orb.
     0 | D:1      | Reached XP level 1. HP: 19/19 MP: 0/0
    28 | D:1      | Reached XP level 2. HP: 14/27 MP: 1/1
   469 | D:1      | Reached ** piety under Trog
   538 | D:1      | Reached XP level 3. HP: 31/33 MP: 2/2
  1113 | D:2      | Reached XP level 4. HP: 25/41 MP: 3/3
  1260 | D:2      | Noticed Sigmund
  1274 | D:2      | Slain by Sigmund

Illustrated notes

Levels and vault maps discovered:
D:1:      dpeg_arrival_short_road, layout_rooms
D:2:      layout_loops_ring, gammafunk_temple_overflow_pools, uniq_sigmund

Skill      XL: |  1 |
---------------+----+-----
Fighting       | 4 |  4.8
Axes           | 4 |  4.5
Armour         | |  2.6
Dodging        | |  2.6

Action                   |  1- 3 |  4- 6 || total
-------------------------+-------+-------++-------
Melee: Hand axe          |    66 |    11 ||    77
       Headbutt          |    11 |     2 ||    13
Invok: Berserk           |     2 |     1 ||     3
  Eat: Chunk             |     3 |       ||     3
Armor: Animal skin       |    19 |       ||    19
Dodge: Dodged            |    46 |     3 ||    49
